 Dungeon Crawl Stone Soup version 0.28.0-53-g5a82cb258f (webtiles) character file.

Game seed: 16393886129486142722

65 issech the Chucker (level 4, 0/34 HPs)
             Began as a Gnoll Wanderer on May 20, 2022.
             Succumbed to an adder's poison
             ... on level 2 of the Dungeon.
             The game lasted 00:05:50 (1914 turns).

issech the Chucker (Gnoll Wanderer)                 Turns: 1914, Time: 00:05:50

Health: 0/34       AC:  8    Str: 17    XL:     4   Next: 14%
Magic:  5/5        EV:  7    Int:  9    God:
Gold:   58         SH:  0    Dex: 10    Spells: 5/5 levels left

rFire   . . .      SeeInvis .   a - +0 mace
rCold   . . .      Faith    .   (no shield)
rNeg    . . .      Spirit   .   h - +0 chain mail
rPois   .          Reflect  .   (no helmet)
rElec   .          Harm     .   (no cloak)
rCorr   .          Rampage  .   (no gloves)
Will    .....                   (no boots)
Stlth   ..........              (no amulet)
HPRegen 0.11/turn               (no ring)
MPRegen 0.09/turn               (no ring)

@: lethally poisoned (0 -> -7), attractive
A: fangs 1, strong nose, distributed training
a: no special abilities


You were on level 2 of the Dungeon.
You visited 1 branch of the dungeon, and saw 2 of its levels.

You collected 58 gold pieces.

Inventory:

Hand Weapons
 a - a +0 mace (weapon)
 d - a +0 dagger
 i - a +0 whip
 j - a +0 club
 m - a +0 short sword
 o - a +0 long sword
 q - a +0 dagger of electrocution
Missiles
 c - 8 boomerangs (quivered)
 g - 51 stones
 s - 23 arrows
Armour
 e - a +0 leather armour
 h - a +0 chain mail (worn)
 p - a +0 ring mail
Wands
 b - a wand of charming (13)
Scrolls
 k - a scroll of fog {unknown}
 l - 2 scrolls of identify {unknown}
 n - a scroll of noise {unknown}
 r - a scroll of enchant weapon {unknown}
 u - a scroll of teleportation {unknown}
Potions
 t - a potion of flight {unknown}


   Skills:
 + Level 2.7 Fighting
 + Level 1.0 Short Blades
 + Level 1.0 Long Blades
 + Level 1.0 Axes
 + Level 4.6 Maces & Flails
 + Level 1.0 Polearms
 + Level 1.0 Staves
 + Level 1.0 Slings
 + Level 1.0 Bows
 + Level 1.0 Crossbows
 + Level 6.6 Throwing
 + Level 1.0 Armour
 + Level 2.7 Dodging
 + Level 2.5 Stealth
 + Level 1.0 Shields
 + Level 1.0 Unarmed Combat
 + Level 1.0 Spellcasting
 + Level 0.8 Conjurations
 + Level 0.8 Hexes
 + Level 0.8 Summonings
 + Level 0.8 Necromancy
 + Level 0.8 Translocations
 + Level 0.8 Transmutations
 + Level 0.8 Fire Magic
 + Level 0.8 Ice Magic
 + Level 0.8 Air Magic
 + Level 0.8 Earth Magic
 + Level 0.8 Poison Magic
 + Level 1.1 Invocations
 + Level 4.6 Evocations


You had 5 spell levels left.
You didn't know any spells.
Your spell library contained the following spells:

 Spells                   Type           Power      Damage    Failure   Level
 Magic Dart               Conj           4%         1d3       99%         1
 Searing Ray              Conj           2%         2d4       100%        2
 Fulminant Prism          Conj/Hex       0%         3d6       100%        4


Dungeon Overview and Level Annotations

Branches:
Dungeon (2/15)

Altars:

Shops:
D:1 *


Innate Abilities, Weirdness & Mutations

You have very sharp teeth.
Your uncanny sense of smell can sniff out nearby items.
Your experience applies equally to all skills.


Message History

You feel sick. The adder barely misses you.
You barely miss the adder.
The adder is heavily wounded.
You feel sick. The adder bites you but does no damage.
You hit the adder.
The adder is heavily wounded.
You feel sick. The adder bites you but does no damage.
The adder barely misses you.
You closely miss the adder.
The adder is heavily wounded.
You feel sick.
You are no longer poisoned.
The adder bites you.
* * * LOW HITPOINT WARNING * * *
You are poisoned.
The adder poisons you!
You barely miss the adder.
The adder is heavily wounded.
You feel sick. The adder barely misses you. The adder bites you.
* * * LOW HITPOINT WARNING * * *
You barely miss the adder.
The adder is heavily wounded.
You feel sick. The adder barely misses you.
You closely miss the adder.
The adder is heavily wounded.
You feel sick.
You are no longer poisoned.
The adder bites you but does no damage. The adder barely misses you.
You closely miss the adder.
The adder is heavily wounded.
The adder barely misses you.
You miss the adder.
The adder is heavily wounded.
The adder bites you.
* * * LOW HITPOINT WARNING * * *
You are lethally poisoned!
The adder poisons you! The adder barely misses you.
It was a potion of attraction.
You feel attractive to monsters.
You die...

.....# ......
...... ....#
.... #..## .#
#..K# #.# #S#
#.# #@## #.#
#..# #######.#
##.###.......#
#..##.......#
##.##.......#
#..#...)...#
##.#.......# #
#.........# #
#...#.....†..#
###


You could see an adder and a kobold.

Vanquished Creatures
  3 adders (D:2)
  2 dart slugs
  3 endoplasms
  4 giant cockroaches (D:1)
  2 goblins
  7 hobgoblins
  2 kobolds
  A quokka (D:2)
  3 ball pythons
  A bat (D:1)
  2 frilled lizards
  2 rats (D:1)
32 creatures vanquished.

Notes
Turn   | Place    | Note
-------+----------+-------------------------------------------
     0 | D:1      | issech the Gnoll Wanderer began the quest for the Orb.
     0 | D:1      | issech set off with the following items: a +0 mace, a wand
                  | of charming (13), 8 boomerangs, a +0 dagger, a +0 leather
                  | armour
     0 | D:1      | Reached XP level 1. HP: 17/17 MP: 1/1
   197 | D:1      | Reached XP level 2. HP: 23/23 MP: 2/2
   852 | D:1      | Reached XP level 3. HP: 28/28 MP: 3/3
   886 | D:1      | Found Veasuin's Assorted Antiques.
  1265 | D:2      | Reached skill level 1 in Invocations
  1474 | D:2      | Reached skill level 1 in Short Blades
  1474 | D:2      | Reached skill level 1 in Long Blades
  1474 | D:2      | Reached skill level 1 in Axes
  1474 | D:2      | Reached skill level 1 in Polearms
  1474 | D:2      | Reached skill level 1 in Staves
  1474 | D:2      | Reached skill level 1 in Slings
  1474 | D:2      | Reached skill level 1 in Bows
  1474 | D:2      | Reached skill level 1 in Crossbows
  1474 | D:2      | Reached skill level 1 in Armour
  1474 | D:2      | Reached skill level 1 in Shields
  1474 | D:2      | Reached skill level 1 in Unarmed Combat
  1474 | D:2      | Reached skill level 1 in Spellcasting
  1689 | D:2      | Reached XP level 4. HP: 24/34 MP: 5/5
  1914 | D:2      | Succumbed to an adder's poison

Illustrated notes

Levels and vault maps discovered:
D:1:      dpeg_arrival_prison, layout_loops_ring, serial_shops,
          nicolae_lakefront_shop
D:2:      layout_basic

Skill      XL: |  1  2  3 |
---------------+----------+-----
Invocations    | 1 |  1.1
Short Blades   | 1 |  1.0
Long Blades    | 1 |  1.0
Axes           | 1 |  1.0
Polearms       | 1 |  1.0
Staves         | 1 |  1.0
Slings         | 1 |  1.0
Bows           | 1 |  1.0
Crossbows      | 1 |  1.0
Armour         | 1 |  1.0
Shields        | 1 |  1.0
Unarmed Combat | 1 |  1.0
Spellcasting   | 1 |  1.0
Fighting       | |  2.7
Maces & Flails | |  4.6
Throwing       | |  6.6
Dodging        | |  2.7
Stealth        | |  2.5
Conjurations   | |  0.8
Hexes          | |  0.8
Summonings     | |  0.8
Necromancy     | |  0.8
Translocations | |  0.8
Transmutations | |  0.8
Fire Magic     | |  0.8
Ice Magic      | |  0.8
Air Magic      | |  0.8
Earth Magic    | |  0.8
Poison Magic   | |  0.8
Evocations     | |  4.6

Action                   |  1- 3 |  4- 6 || total
-------------------------+-------+-------++-------
Melee: Mace              |    95 |     8 ||   103
       Bite              |    12 |       ||    12
       Long sword        |     9 |    10 ||    19
Throw: Boomerang         |       |     8 ||     8
  Use: Potion            |       |     1 ||     1
 Stab: Sleeping          |     1 |       ||     1
Armor: Chain mail        |    49 |    14 ||    63
       Leather armour    |     4 |       ||     4
Dodge: Dodged            |    48 |    12 ||    60
